 Dungeon Crawl Stone Soup version 0.26-a0-1181-gd376ed14c5 (webtiles) character file.

Game seed: 15355246070184244716

69472 runemasterragnar the Covert (level 15, 0/93 HPs)
             Began as a Kobold Hunter on Dec 25, 2020.
             Was a High Priest of Okawaru.
             Killed from afar by a naga mage (20 damage)
             ... with a lance of force
             ... on level 1 of the Snake Pit on Dec 26, 2020.
             The game lasted 01:11:06 (31802 turns).

runemasterragnar the Covert (Kobold Hunter)        Turns: 31802, Time: 01:11:07

Health: 0/93       AC: 20    Str:  8 (11) XL:     15   Next: 74%
Magic:  22/22      EV: 23    Int: 16 (17) God:    Okawaru [*****.]
Gold:   1607       SH:  0    Dex: 30 (31) Spells: 12/14 levels left

rFire    . . .     SeeInvis +   a - +0 arbalest
rCold    . . .     Faith    .   (shield currently unavailable)
rNeg     . . .     Spirit   .   b - +3 ring mail "Bogeuleg" {Dex+5}
rPois    +         Reflect  .   n - +2 helmet {SInv}
rElec    .         Harm     .   D - +0 cloak "Qyxakye" {Int+4}
rCorr    .         Rampage  .   p - +2 pair of gloves
Will     +....                  X - +1 pair of boots
Stlth    +++++++...             q - amulet of regeneration
HPRegen  0.65/turn              w - +6 ring of dexterity
MPRegen  0.18/turn              C - ring of poison resistance

@: lethally poisoned (0 -> 0)
A: small, deterioration 1, mutation resistance 1, nightstalker 3
a: Renounce Religion, Heroism, Finesse


You were on level 1 of the Snake Pit.
You worshipped Okawaru.
Okawaru was extremely pleased with you.
You visited 4 branches of the dungeon, and saw 24 of its levels.
You also visited: Gauntlet.

You collected 2232 gold pieces.
You spent 625 gold pieces at shops.

Inventory:

Hand Weapons
 a - a +0 arbalest (weapon)
 k - the +3 rapier of Qazlal's Displeasure {speed, Int+2 Dex+5}
   (You found it on level 2 of the Lair of Beasts)

   Attacks with this weapon are significantly faster.
   It affects your intelligence (+2).
   It affects your dexterity (+5).
 l - a +0 vorpal hand crossbow
 F - a +3 dagger
 M - the +2 demon trident "Sucias" {flame, *Corrode +Fly Will+ MP+9 Dex+5}
   (Okawaru gifted it to you on level 12 of the Dungeon)

   It has been specially enchanted to burn those struck by it, causing extra
   injury to most foes and up to half again as much damage against particularly
   susceptible opponents.
   It affects your dexterity (+5).
   It affects your willpower, your defense against some magical effects.
   It affects your magic capacity (+9).
   It lets you fly.
   It may corrode you when you take damage.
Missiles
 d - 113 bolts (quivered ammo)
Armour
 b - the +3 ring mail "Bogeuleg" (worn) {Dex+5}
   (You found it on level 4 of the Lair of Beasts)

   It affects your dexterity (+5).
 n - a +2 helmet of see invisible (worn)
 p - a +2 pair of gloves (worn)
 z - +0 fire dragon scales
 D - the +0 cloak "Qyxakye" (worn) {Int+4}
   (You found it in a Gauntlet)

   It affects your intelligence (+4).
 O - the +1 leather armour of the Fisher {Will+}
   (You found it in a Gauntlet)

   It affects your willpower, your defense against some magical effects.
 P - +0 acid dragon scales
 R - the -3 helmet of Integrity {rC+}
   (You found it in a Gauntlet)

   It protects you from cold.
 W - a scarf of shadows
 X - a +1 pair of boots (worn)
Magical Staves
 G - an uncursed staff of fire
 K - an uncursed staff of air
 N - an uncursed staff of death
Jewellery
 c - an uncursed ring of see invisible
 o - an uncursed ring of flight
 q - an amulet of regeneration (around neck)
 w - a +6 ring of dexterity (left hand)
 x - an uncursed ring of wizardry
 B - an uncursed ring of protection from fire
 C - a ring of poison resistance (right hand)
 L - a +4 ring of evasion
 V - a cursed amulet of inaccuracy {unknown}
Wands
 y - a wand of polymorph (8)
 H - a wand of flame (17)
 U - a wand of digging (9)
Scrolls
 e - 8 scrolls of remove curse
 g - 2 scrolls of teleportation
 h - 2 scrolls of fear
 i - a scroll of enchant armour
 j - 6 scrolls of magic mapping
 s - 7 scrolls of fog
 v - 2 scrolls of immolation
 I - 2 scrolls of blinking
 Q - a scroll of enchant weapon
 T - 2 scrolls of amnesia
Potions
 f - 6 potions of curing
 m - a potion of lignification
 r - a potion of magic
 t - a potion of cancellation
 u - 2 potions of brilliance
 A - 2 potions of haste
 E - a potion of ambrosia
 J - 5 potions of flight


   Skills:
 + Level 10.6 Fighting
 + Level 12.3 Short Blades
 * Level 12.8 Crossbows
 + Level 8.0 Armour
 + Level 11.6 Dodging
 + Level 13.3 Stealth
 - Level 10.0 Invocations
 + Level 11.1 Evocations


You had 12 spell levels left.
You knew the following spells:

 Your Spells              Type           Power        Failure   Level
a - Wereblood             Tmut           0%           67%         2

Your spell library contained the following spells:

 Spells                   Type           Power        Failure   Level
 Beastly Appendage        Tmut           0%           54%         1
 Magic Dart               Conj           0%           54%         1
 Sting                    Tmut/Pois      0%           54%         1
 Blink                    Tloc           N/A          67%         2
 Call Imp                 Summ           0%           67%         2
 Poisonous Vapours        Pois/Air       0%           67%         2
 Slow                     Hex            0%           67%         2
 Conjure Flame            Conj/Fire      0%           88%         3
 Ignite Poison            Fire/Tmut/Pois 0%           88%         3
 Mephitic Cloud           Conj/Pois/Air  0%           88%         3
 Spider Form              Tmut/Pois      0%           88%         3
 Ice Form                 Ice/Tmut       0%           99%         4
 Olgreb's Toxic Radiance  Pois           0%           99%         4
 Summon Lightning Spire   Summ/Air       0%           99%         4
 Blade Hands              Tmut           0%           100%        5
 Metabolic Englaciation   Hex/Ice        0%           100%        5
 Silence                  Hex/Air        0%           100%        5
 Conjure Ball Lightning   Conj/Air       0%           100%        6
 Freezing Cloud           Conj/Ice/Air   0%           100%        6
 Ozocubu's Refrigeration  Ice            0%           100%        6
 Simulacrum               Ice/Necr       0%           100%        6
 Tornado                  Air            0%           100%        9


Dungeon Overview and Level Annotations

Branches:
Dungeon (15/15)            Temple (0/1) D:7            Lair (6/6) D:8
 Shoals (0/4) Lair:2        Snake (1/4) Lair:3        Slime (0/5) Lair:5
    Orc (2/2) D:12            Elf (0/3) Orc:2        Vaults (0/5) D:13
Gauntlet (visited)
 Depths: D:15

Altars:
Ashenzari
Cheibriados
Elyvilon
Kikubaaqudgha
Nemelex Xobeh
Okawaru
Qazlal
Uskayaw
Wu Jian
Xom
Jiyva

Shops:
D:5 [   D:6 ?   Orc:2 :[**

Portals:
Pandemonium: Orc:2

Annotations:
D:4 1 transporter, Sigmund; ardl's ghost, amateur FoGl
D:12 Paschim's ghost, journeyman MiBe
D:13 2 transporters
Lair:5 2 transporters
Lair:6 exclusion: oklob plant


Innate Abilities, Weirdness & Mutations

You are small and have problems with some larger weapons.
You are completely attuned to the shadows.
Your body sometimes deteriorates upon taking damage.
You are somewhat resistant to further mutation.


Message History

Unknown command.
Fire: 115 bolts
Press: ? - help, Q - select action, (/) - cycle Shift-Dir - straight line, f/p - naga mage
Aim: a naga mage, wielding a +0 halberd (heavily wounded, fast, catching its breath)
You shoot a bolt. The bolt closely misses the naga mage.
You feel sick. The naga mage casts a spell at you.
You easily resist.
The naga mage spits poison at you. The splash of poison hits you. You resist.
* * * LOW HITPOINT WARNING * * *
Unknown command.
Unknown command.
Fire: 114 bolts
Press: ? - help, Q - select action, (/) - cycle Shift-Dir - straight line, f/p - naga mage
Aim: a naga mage, wielding a +0 halberd (heavily wounded, fast, catching its breath)
You shoot a bolt. The bolt barely misses the naga mage.
The naga mage casts a spell at you. The lance of force hits you!!
You die...

#### ##..##
############
#....##
#...@(N)(..#####
#.....##
#.########......
###......###.##
##......
##.............#
#((.####
#..............#
#(..#
#..........###.#
#.N.#
#..#.......# ...
#...#
#..#......... ..
#(N(#
#..#.........


You could see a naga mage (fast, catching breath).

Vanquished Creatures
  Kirke (D:14)
  Nessos (Lair:4)
  A minotaur (Gauntlet)
  A fire dragon (D:14)
  2 boulder beetles
  3 two-headed ogres
  5 hydras
  A centaur warrior (D:14)
  A naga warrior (Snake:1)
  6 orc high priests (Orc:2)
  A naga sharpshooter (Snake:1)
  2 unseen horrors
  An infernal demonspawn (Orc:2)
  A gelid demonspawn (Orc:2)
  A torturous demonspawn (Orc:2)
  4 orc knights (Orc:2)
  2 mana vipers (Snake:1)
  3 ugly things
  Pikel (D:6)
  A wolf spider zombie (D:14)
  3 manticores
  2 cyclopes (D:13)
  5 orc sorcerers (Orc:2)
  6 elephants
  A smoke demon (Orc:2)
  A moth of wrath (Gauntlet)
  5 black mambas
  2 naga magi (Snake:1)
  14 cane toads
  6 rime drakes
  5 komodo dragons
  2 freezing wraiths (D:13)
  A kobold demonologist (D:11)
  An ice devil (Orc:2)
  4 trolls
  A hornet (D:11)
  3 polar bears
  A wind drake (Lair:2)
  9 slime creatures
  11 blink frogs
  2 wyverns
  2 water elementals (D:14)
  A ynoxinul (Orc:2)
  6 hogs (D:12)
  A steam dragon (D:14)
  35 yaks
  3 basilisks
  Menkaure (D:4)
  A warg (Orc:1)
  7 nagas
  An acid dragon (D:14)
  11 water moccasins
  37 orc warriors
  5 ice beasts
  A necrophage (D:10)
  5 black bears
  4 phantoms
  An eye of draining (D:13)
  3 sky beasts
  7 centaurs
  An ice dragon simulacrum (Gauntlet)
  8 ogres
  17 wolves
  3 lemures (D:6)
  6 big kobolds
  19 bullfrogs
  5 gnoll sergeants
  A wyvern skeleton (D:8)
  3 scorpions
  11 wights
  5 howler monkeys
  2 centaur zombies
  27 orc priests
  2 bullfrog zombies
  8 hounds
  5 jellies
  4 centaur skeletons
  13 orc wizards
  4 bullfrog skeletons
  Jessica (D:3)
  2 iguanas
  4 worker ants
  A howler monkey zombie (D:8)
  4 worker ant zombies
  Robin (D:2)
  26 gnolls
  15 adders
  A shadow imp (D:9)
  2 white imps
  2 ufetubi
  An ooze (D:1)
  2 adder zombies
  3 adder skeletons
  2 worms (D:2)
  3 dart slugs
  6 leopard geckos
  83 orcs
  6 bats
  5 giant cockroaches
  15 goblins
  5 hobgoblins
  19 jackals
  3 quokkas
  A ball python (D:5)
  5 frilled lizards
  A jackal skeleton (D:4)
  18 kobolds
  A quokka skeleton (D:9)
  9 rats
  A butterfly (D:7)
648 creatures vanquished.

Vanquished Creatures (collateral kills)
  4 yaks
4 creatures vanquished.

Vanquished Creatures (others)
  A komodo dragon (Lair:5)
  4 yaks (Lair:4)
  33 fungi
  38 plants
  5 withered plants (D:5)
81 creatures vanquished.

Grand Total: 733 creatures vanquished

Notes
Turn   | Place    | Note
-------+----------+-------------------------------------------
     0 | D:1      | runemasterragnar the Kobold Hunter began the quest for the
                  | Orb.
     0 | D:1      | Reached XP level 1. HP: 12/12 MP: 1/1
    79 | D:1      | Reached XP level 2. HP: 13/17 MP: 2/2
    84 | D:1      | Reached skill level 5 in Crossbows
   251 | D:1      | Reached skill level 2 in Stealth
   282 | D:1      | Reached XP level 3. HP: 21/22 MP: 3/3
   422 | D:1      | Reached skill level 1 in Short Blades
  1039 | D:2      | Noticed Robin
  1048 | D:2      | Killed Robin
  1049 | D:2      | Reached skill level 1 in Armour
  1049 | D:2      | Reached XP level 4. HP: 18/27 MP: 4/4
  1276 | D:2      | You fall into a shaft and drop 1 floor!
  1376 | D:3      | Found a shimmering altar of Xom.
  1407 | D:4      | Noticed an ogre
  1408 | D:4      | Noticed Sigmund
  1466 | D:4      | Reached XP level 5. HP: 28/31 MP: 5/5
  1500 | D:4      | Noticed Menkaure
  1507 | D:4      | Killed Menkaure
  1508 | D:4      | Reached skill level 3 in Stealth
  1508 | D:4      | Reached XP level 6. HP: 37/37 MP: 6/6
  1530 | D:4      | Found a transporter.
  1531 | D:4      | Noticed ardl's ghost (amateur FoGl)
  1562 | D:4      | Found a white marble altar of Elyvilon.
  1576 | D:4      | Noticed an ogre
  1839 | D:3      | Noticed Jessica
  1843 | D:3      | Killed Jessica
  1864 | D:3      | Found an ornate altar of the Wu Jian Council.
  1938 | D:3      | Found a broken altar of Ashenzari.
  2602 | D:2      | Found a sparkling altar of Nemelex Xobeh.
  2857 | D:2      | Found an ornate altar of the Wu Jian Council.
  3166 | D:4      | Killed an ogre
  3167 | D:4      | Reached skill level 1 in Evocations
  3167 | D:4      | Reached XP level 7. HP: 25/41 MP: 7/7
  3198 | D:4      | Reached skill level 4 in Stealth
  3358 | D:4      | Found a sparkling altar of Nemelex Xobeh.
  3358 | D:4      | Found a hide-covered altar of Uskayaw.
  3358 | D:4      | Found a snail-covered altar of Cheibriados.
  3521 | D:5      | Entered Level 5 of the Dungeon
  3631 | D:5      | Found an ancient bone altar of Kikubaaqudgha.
  3841 | D:5      | Found Xiruron's Armour Boutique.
  4329 | D:5      | Reached XP level 8. HP: 16/48 MP: 8/8
  5139 | D:6      | Found an iron altar of Okawaru.
  5155 | D:6      | Became a worshipper of Warmaster Okawaru
  5366 | D:6      | Reached skill level 5 in Stealth
  5715 | D:6      | Noticed Pikel
  5735 | D:6      | Killed Pikel
  5736 | D:6      | Reached skill level 5 in Dodging
  5736 | D:6      | Reached skill level 1 in Invocations
  5736 | D:6      | Reached XP level 9. HP: 37/52 MP: 8/10
  6467 | D:6      | Found Omnaysch's Magic Scroll Emporium.
  6474 | D:6      | Bought a scroll of noise for 13 gold pieces
  7414 | D:7      | Reached skill level 6 in Stealth
  7682 | D:7      | Found a staircase to the Ecumenical Temple.
  7737 | D:7      | Reached skill level 5 in Short Blades
  8004 | D:7      | Reached * piety under Okawaru
  8231 | D:7      | Reached skill level 5 in Fighting
  8749 | D:7      | Found a stormy altar of Qazlal.
  9386 | D:8      | Reached XP level 10. HP: 56/59 MP: 12/12
  9403 | D:8      | Reached ** piety under Okawaru
  9472 | D:8      | Reached skill level 7 in Stealth
  9559 | D:8      | Reached skill level 5 in Evocations
 10497 | D:8      | Found a staircase to the Lair.
 10706 | D:9      | Found a shimmering altar of Xom.
 11314 | D:9      | Reached *** piety under Okawaru
 11698 | D:10     | Entered Level 10 of the Dungeon
 11858 | D:10     | Reached skill level 8 in Stealth
 12002 | D:10     | Reached XP level 11. HP: 35/64 MP: 14/14
 12048 | D:10     | Reached **** piety under Okawaru
 12390 | D:10     | Noticed a two-headed ogre
 12521 | D:11     | Reached skill level 5 in Invocations
 12642 | D:11     | Received a gift from Okawaru
 12800 | D:11     | Killed an unseen horror
 13190 | D:11     | Learned a level 2 spell: Wereblood
 13195 | D:11     | Noticed a boulder beetle
 13266 | D:11     | Paralysed by a hornet for 1 turns
 13528 | D:11     | Killed a boulder beetle
 13528 | D:11     | Reached ***** piety under Okawaru
 13528 | D:11     | Received a gift from Okawaru
 13529 | D:11     | Reached skill level 5 in Armour
 13529 | D:11     | Reached skill level 9 in Stealth
 13933 | D:12     | Noticed Kirke
 13945 | D:12     | Found a stormy altar of Qazlal.
 14022 | D:12     | Received a gift from Okawaru
 14023 | D:12     | Got a shimmering demon trident {god gift}
 14024 | D:12     | Identified the +2 demon trident "Sucias" {flame, *Corrode
                  | +Fly Will+ MP+9 Dex+5} (Okawaru gifted it to you on level
                  | 12 of the Dungeon)
 14189 | D:12     | Noticed a manticore
 14199 | D:12     | Killed a manticore
 14376 | D:12     | Reached skill level 10 in Crossbows
 14425 | D:13     | Noticed a cyclops
 14451 | D:13     | Noticed a +5 long sword
 14452 | D:13     | Found a gate to the Vaults.
 14453 | D:13     | Noticed a +6 long sword
 14515 | D:13     | Found a gate leading to a gauntlet.
 14521 | Gauntlet | Entered a Gauntlet
 14521 | Gauntlet | Found a transporter.
 14529 | Gauntlet | Noticed a moth of wrath
 14534 | Gauntlet | Noticed a salamander
 14536 | Gauntlet | Found a transporter.
 14538 | Gauntlet | Noticed a harpy
 14541 | Gauntlet | a salamander changed into a redback
 14547 | Gauntlet | Noticed a shock serpent
 14557 | Gauntlet | Found a transporter.
 14565 | Gauntlet | Found a transporter.
 14571 | Gauntlet | Found a transporter.
 14593 | Gauntlet | Found a transporter.
 14605 | Gauntlet | Found a transporter.
 14605 | Gauntlet | Noticed an obsidian statue
 14617 | Gauntlet | Found a transporter.
 14625 | Gauntlet | Noticed a sixfirhy
 14629 | Gauntlet | Found a transporter.
 14631 | Gauntlet | Noticed a sixfirhy
 14641 | Gauntlet | Found a transporter.
 14645 | Gauntlet | Noticed a cacodemon
 14653 | Gauntlet | Found a transporter.
 14680 | Gauntlet | Found a transporter.
 14692 | Gauntlet | Found a transporter.
 14701 | Gauntlet | Found a transporter.
 14724 | Gauntlet | Found a transporter.
 14742 | Gauntlet | Killed a moth of wrath
 14743 | Gauntlet | Reached XP level 12. HP: 69/72 MP: 16/16
 14773 | Gauntlet | Found a transporter.
 14777 | Gauntlet | Found a transporter.
 14786 | Gauntlet | Found a transporter.
 14867 | Gauntlet | Got a scorched leather armour
 14880 | Gauntlet | Identified the +1 leather armour of the Fisher {Will+} (You
                  | found it in a Gauntlet)
 15005 | Gauntlet | Got a warped cloak
 15080 | Gauntlet | Noticed a minotaur
 15097 | Gauntlet | Killed a minotaur
 15147 | Gauntlet | Got a masterwork helmet
 15153 | Gauntlet | Identified the +0 cloak "Qyxakye" {Int+4} (You found it in
                  | a Gauntlet)
 15158 | Gauntlet | Identified the cursed -3 helmet of Integrity {rC+} (You
                  | found it in a Gauntlet)
 15289 | D:13     | Found a stormy altar of Qazlal.
 15902 | D:13     | Noticed a death knight
 15909 | D:13     | Found a transporter.
 15910 | D:13     | Noticed a flayed ghost
 16206 | D:13     | Reached skill level 10 in Stealth
 16437 | D:13     | Received a gift from Okawaru
 17143 | D:13     | Found a transporter.
 17389 | D:10     | Received a gift from Okawaru
 17519 | D:10     | Killed a two-headed ogre
 17756 | D:10     | Received a gift from Okawaru
 18066 | Lair:1   | Entered Level 1 of the Lair of Beasts
 18624 | Lair:1   | Reached XP level 13. HP: 18/78 MP: 18/18
 18797 | Lair:1   | Found a sparkling altar of Nemelex Xobeh.
 19365 | Lair:2   | Found a staircase to the Shoals.
 19514 | Lair:2   | Noticed a seven-headed hydra
 19518 | Lair:2   | Killed a seven-headed hydra
 19604 | Lair:2   | Noticed a four-headed hydra
 19612 | Lair:2   | Killed a four-headed hydra
 20149 | Lair:2   | Reached skill level 10 in Short Blades
 20628 | Lair:2   | Got a crude rapier
 20629 | Lair:2   | Identified the cursed +3 rapier of Qazlal's Displeasure
                  | {speed, Int+2 Dex+5} (You found it on level 2 of the Lair
                  | of Beasts)
 20681 | Lair:3   | Reached skill level 11 in Stealth
 20719 | Lair:3   | Found a staircase to the Snake Pit.
 21078 | Lair:3   | You fall into a shaft and drop 3 floors!
 21078 | Lair:6   | Entered Level 6 of the Lair of Beasts
 21079 | Lair:6   | Noticed a six-headed hydra
 21536 | Lair:4   | Received a gift from Okawaru
 21623 | Lair:4   | Got a warped ring mail
 21624 | Lair:4   | Identified the +3 ring mail "Bogeuleg" {Dex+5} (You found
                  | it on level 4 of the Lair of Beasts)
 22221 | Lair:4   | Noticed Nessos
 22225 | Lair:4   | Killed Nessos
 22374 | Lair:4   | Noticed a boulder beetle
 22378 | Lair:4   | Killed a boulder beetle
 22379 | Lair:4   | Reached skill level 10 in Dodging
 22751 | Lair:5   | Reached XP level 14. HP: 86/86 MP: 20/20
 22798 | Lair:5   | Identified the cursed +1 spear of Sunlight {antimagic,
                  | *Rage rC+ MP+9 Dex+3}
 22803 | Lair:5   | Found a transporter.
 22804 | Lair:5   | Found a transporter.
 23105 | Lair:5   | Found a viscous altar of Jiyva.
 23105 | Lair:5   | Found a staircase to the Slime Pits.
 23443 | Lair:5   | Identified the cursed +1 trident "Tormentor" {antimagic,
                  | *Rage +Rage Dex+5}
 23840 | Lair:6   | Reached ****** piety under Okawaru
 24289 | Lair:6   | HP: 4/86 [shambling mangrove (18)]
 24611 | Lair:4   | Reached skill level 12 in Stealth
 24815 | Lair:4   | Received a gift from Okawaru
 24842 | Lair:4   | Got an aquamarine-encrusted scale mail {god gift}
 24853 | Lair:4   | Identified the +5 scale mail of Vohuchet {*Slow rC- Dex+8
                  | SInv} (Okawaru gifted it to you on level 4 of the Lair of
                  | Beasts)
 25383 | D:12     | Found a staircase to the Orcish Mines.
 25453 | D:12     | Reached skill level 10 in Evocations
 26633 | Orc:1    | Entered Level 1 of the Orcish Mines
 26672 | Orc:1    | Found a runed translucent gate.
 26672 | Orc:1    | Found a runed translucent gate.
 26672 | Orc:1    | Found a runed translucent gate.
 26676 | Orc:1    | Noticed Paschim's ghost (journeyman MiBe)
 26832 | Orc:2    | Entered Level 2 of the Orcish Mines
 27094 | Orc:2    | Found a staircase to the Elven Halls.
 27541 | Orc:2    | Found Useloxt's General Store.
 27549 | Orc:2    | Found Zuzo's General Store.
 27749 | Orc:2    | Reached XP level 15. HP: 18/92 MP: 22/22
 27938 | Orc:2    | Reached skill level 10 in Fighting
 27979 | Orc:2    | Reached skill level 10 in Invocations
 29215 | Orc:2    | Received a gift from Okawaru
 29578 | Orc:2    | Found Mimat's Book Emporium.
 29578 | Orc:2    | Found Noasyfic's Antique Armour Shoppe.
 29591 | Orc:2    | Received a gift from Okawaru
 29604 | Orc:2    | Found a one-way gate leading to the halls of Pandemonium.
 29610 | Orc:2    | Bought a glowing helmet for 195 gold pieces
 29615 | Orc:2    | Bought a runed helmet for 195 gold pieces
 29660 | Orc:2    | Bought a +0 vorpal hand crossbow for 129 gold pieces
 29662 | Orc:2    | Bought a scroll of enchant weapon for 82 gold pieces
 29662 | Orc:2    | Bought a scroll of random uselessness for 11 gold pieces
 29940 | Orc:1    | You fall into a shaft and drop 1 floor!
 30458 | D:12     | Gained mutation: Your body sometimes deteriorates upon
                  | taking damage. [potion of mutation]
 30458 | D:12     | Gained mutation: You are somewhat resistant to further
                  | mutation. [potion of mutation]
 30478 | D:12     | You fall into a shaft and drop 3 floors!
 30478 | D:15     | Entered Level 15 of the Dungeon
 30480 | D:15     | Noticed a sphinx
 30481 | D:15     | Noticed a sphinx
 30510 | D:14     | Killed Kirke
 30511 | D:14     | Reached skill level 13 in Stealth
 31080 | Lair:6   | Received a gift from Okawaru
 31199 | Lair:6   | Paralysed by a hornet for 3 turns
 31363 | Snake:1  | Entered Level 1 of the Snake Pit
 31802 | Snake:1  | Killed from afar by a naga mage

Illustrated notes

Levels and vault maps discovered:
D:1:      dpeg_arrival_tiny_i, layout_loops_ring
D:2:      layout_loops_corners, minmay_misc_feat_rows, kennysheep_flooded_box,
          nemelex_spade_bored_becter, uniq_robin
D:3:      layout_rooms, xom_teletrap_fun, cheibrodos_ashenzari_chains,
          lemuel_crystal_altar, uniq_jessica
D:4:      layout_cave_pools, lemuel_coloured_pillars_altar,
          gammafunk_temple_overflow_claw, gammafunk_ghost_smash,
          minmay_misc_feat_five, elyvilon_altar_5, uniq_menkaure, uniq_sigmund
D:5:      layout_loops_corners, kiku_gazebo_garden_becter, serial_shops,
          nicolae_shop_behind_doors
D:6:      layout_loops_ring, serial_shops, nicolae_shop_waterfront,
          okawaru_trees_2, uniq_pikel
D:7:      layout_basic, lemuel_crystal_altar, minmay_temple_entry_butterflies
D:8:      layout_basic, lair_entry_dummy
D:9:      layout_roguey, basic_altar
D:10:     layout_basic
D:11:     layout_roguey
D:12:     layout_cave_pools, kennysheep_orc_monster_closet_entryway,
          grunt_qazlal_sundering, uniq_kirke
D:13:     layout_stronghold, erik_vaults_1, gauntlet_entry_generic,
          gammafunk_ghost_mausoleum, basic_altar
D:14:     dragon1_lemuel, layout_rooms, special_room [special_room_bee],
          hangedman_tell_no_tales
D:15:     gammafunk_depths_entry_grave, layout_rooms, minmay_misc_feat_enclosed
Lair:1:   layout_cave_pods, basic_altar, chequers_serial_rivers_small_a
Lair:2:   layout_chaotic_city, minmay_shoals_entry_beasts
Lair:3:   layout_chaotic_city, minmay_snake_entry_guardpost_small
Lair:4:   layout_hall_layers, minivault_25, minmay_lindwurm_lava,
          grunt_megastairs_2, uniq_nessos
Lair:5:   layout_roguey, slime_altar_1, gammafunk_ghost_wrathful_warriors,
          patterned_corridor, grunt_megastairs_1
Lair:6:   minmay_lair_end_enchanted_forest, layout_gridlike, st_stairs_6,
          dpeg_oklob_1, lemuel_fruit_tree
Snake:1:  layout_gridlike, special_room, lemuel_oklob_altar, uniq_azrael,
          uniq_aizul, uniq_roxanne
Orc:1:    layout_caves, biasface_ghost_orc_armoury
Orc:2:    pf_orc_diabolical, layout_caves

Skill      XL: |  1  2  3  4  5  6  7  8  9 10 11 12 13 14 15 |
---------------+----------------------------------------------+-----
Crossbows      | 5 6 7 8 9 10 11 12 | 12.8
Stealth        | 2 3 4 5 6 8 9 10 11 12 13 | 13.3
Short Blades   | 1 2 3 4 5 7 8 9 10 11 12 | 12.3
Armour         | 1 2 3 4 5 6 7 8 |  8.0
Dodging        | 3 4 5 6 7 8 9 10 11 | 11.6
Fighting       | 3 4 5 6 7 8 9 10 | 10.6
Evocations     | 1 2 3 4 5 7 8 9 10 11 | 11.1
Invocations    | 1 3 4 6 7 9 10 | 10.0

Action                   |  1- 3 |  4- 6 |  7- 9 | 10-12 | 13-15 || total
-------------------------+-------+-------+-------+-------+-------++-------
Melee: Dagger            |     1 |    31 |   129 |   118 |    12 ||   291
       Short sword       |       |       |    15 |     2 |       ||    17
       Hand crossbow     |       |       |     2 |     1 |       ||     3
       Rapier            |       |       |       |   155 |  1568 ||  1723
       Demon trident     |       |       |       |   268 |     5 ||   273
       Punch             |       |       |       |       |    21 ||    21
 Fire: Hand crossbow     |    87 |    84 |   212 |   501 |   376 ||  1260
       Arbalest          |       |       |       |       |    39 ||    39
Invok: Heroism           |       |       |       |     6 |    13 ||    19
       Finesse           |       |       |       |       |     3 ||     3
Evoke: Wand              |       |       |    22 |    40 |    73 ||   135
  Use: Scroll            |       |       |    11 |    10 |    19 ||    40
       Potion            |       |       |     1 |    10 |     8 ||    19
 Stab: Sleeping          |       |     6 |     6 |    19 |    44 ||    75
       Distracted        |       |       |       |     5 |    12 ||    17
       Paralysed         |       |       |       |       |     3 ||     3
Armor: Leather armour    |    17 |     9 |    30 |    57 |    63 ||   176
       Ring mail         |       |       |       |    67 |   148 ||   215
       Skin              |       |       |       |     4 |    32 ||    36
Dodge: Dodged            |    56 |    83 |   220 |   716 |  1165 ||  2240

Table legend: (Time is in decaauts)
 A = Elapsed time spent in this place.
 B = Non-inter-level travel time spent in this place.
 C = Inter-level travel time spent in this place.
 D = Time resting spent in this place.
 E = Time spent auto-exploring this place.
 F = Levels seen in this place.
 G = Mean time per level.
                   A        B        C        D        E       F      G
               +--------+--------+--------+--------+--------+-----+--------+
         Total |  30900 |  29242 |   1658 |   3987 |  18639 |  25 | 1236.0 |
       Dungeon |  18999 |  18016 |    983 |   2527 |  11728 |  15 | 1266.6 |
          Lair |   7469 |   6978 |    491 |    721 |   4812 |   6 | 1244.8 |
     Snake Pit |    433 |    433 |      0 |      0 |    274 |   1 |  433.0 |
  Orcish Mines |   3356 |   3172 |    184 |    689 |   1564 |   2 | 1678.0 |
      Gauntlet |    641 |    641 |      0 |     50 |    260 |   1 |  641.0 |
               +--------+--------+--------+--------+--------+-----+--------+

Top non-repeatable levels by time:
   Orc:2: 2562 daAuts
    D:13: 1967 daAuts
     D:7: 1947 daAuts
     D:6: 1884 daAuts
    D:11: 1571 daAuts
    D:10: 1520 daAuts
    D:12: 1481 daAuts
  Lair:1: 1436 daAuts
     D:5: 1431 daAuts
  Lair:4: 1428 daAuts
     D:8: 1402 daAuts
  Lair:5: 1343 daAuts
  Lair:2: 1267 daAuts
     D:2: 1201 daAuts
     D:9: 1133 daAuts
